 Dungeon Crawl Stone Soup version 0.30-a0-937-ga0a21ad780 (webtiles) character file.

Game seed: 14288366283897481257

13871 arthad the Cleaver (level 11, 0/101 HPs)
             Began as a Minotaur Fighter on Mar 25, 2023.
             Was a High Priest of Okawaru.
             Slain by a cyan ugly thing (4 damage)
             ... on level 12 of the Dungeon.
             The game lasted 00:32:38 (10779 turns).

arthad the Cleaver (Minotaur Fighter)              Turns: 10779, Time: 00:32:39

Health: 0/101      AC: 15    Str: 23 (24) XL:     11   Next: 81%
Magic:  13/13      EV: 14    Int:  4 (5)  God:    Okawaru [*****.]
Gold:   691        SH:  6    Dex: 12 (14) Spells: 10/10 levels left

rFire   . . .      SeeInvis .    a - +11 broad axe of Dissolution {venom, Drain rC++ rN+++}
rCold   + + .      Faith    .    c - +0 buckler
rNeg    + + +      Spirit   .    e - +0 acid dragon scales
rPois   .          Reflect  .    (helmet restricted)
rElec   +          Rampage  .    y - +1 cloak {Stlth+}
rCorr   +                        j - +3 pair of gauntlets of War {Slay+5}
Will    .....                    (no boots)
Stlth   ++                       W - amulet of regeneration
HPRegen 1.16/turn                g - ring of flight
MPRegen 0.13/turn                M - ring "Qaottue" {rElec rN+ Dex+3}

@: lethally poisoned (0 -> 0), attractive, flying, studying 2 skills
A: horns 2, retaliatory headbutt
a: Renounce Religion, Heroism, Finesse, Duel


You were on level 12 of the Dungeon.
You worshipped Okawaru.
Okawaru was extremely pleased with you.
You visited 2 branches of the dungeon, and saw 13 of its levels.
You also visited: Bailey.

You collected 691 gold pieces.

Inventory:

Hand Weapons
 a - the +11 broad axe of Dissolution (weapon) {venom, Drain rC++ rN+++}
   (You took it off a gnoll sergeant on level 10 of the Dungeon)

   rC:        It greatly protects you from cold.
   rN:        It renders you almost immune to negative energy.
   Drain:     It drains your maximum health when unequipped.
 l - a +0 heavy war axe
 s - a +0 battleaxe of flaming
 Q - a +0 scimitar of flaming
 S - a +3 war axe
Missiles
 n - 2 curare-tipped darts
 K - 6 atropa-tipped darts (quivered)
 R - 13 poisoned darts
Armour
 b - a +0 scale mail
 c - a +0 buckler (worn)
 e - +0 acid dragon scales (worn)
 j - the +3 pair of gauntlets of War (worn) {Slay+5}
   (You acquired it on level 7 of the Dungeon)

   Slay:      It affects your accuracy & damage with ranged weapons and melee
   (+5).
 u - a +0 cloak
 y - a +1 cloak of stealth (worn)
 I - an orb of light
 P - the +0 hat of Kaohuacw {+Blink rPois rF+++ Slay-5}
   (Okawaru gifted it to you on level 10 of the Dungeon)

   Slay:      It affects your accuracy & damage with ranged weapons and melee
   (-5).
   rF:        It renders you almost immune to fire.
   rPois:     It protects you from poison.
   +Blink:    It lets you blink.
Jewellery
 g - a ring of flight (left hand)
 h - the ring of Buphuph {Int+3 Dex+6}
   (You found it on level 11 of the Dungeon)

   [ring of dexterity]

   Int:       It affects your intelligence (+3).
   Dex:       It affects your dexterity (+6).
 k - a ring of magical power
 M - the ring "Qaottue" (right hand) {rElec rN+ Dex+3}
   (You found it on level 6 of the Dungeon)

   [ring of positive energy]

   Dex:       It affects your dexterity (+3).
   rElec:     It insulates you from electricity.
   rN:        It protects you from negative energy.
 W - an amulet of regeneration (around neck)
 Z - a ring of fire
Wands
 v - a wand of quicksilver (27)
 D - a wand of iceblast (5)
 G - a wand of flame (9)
 O - a wand of paralysis (18)
 T - a wand of digging (11)
Scrolls
 f - 3 scrolls of amnesia
 i - 3 scrolls of noise
 m - 2 scrolls of poison
 o - 2 scrolls of fog
 p - 3 scrolls of blinking
 r - 2 scrolls of enchant armour
 J - 6 scrolls of identify
 L - 2 scrolls of vulnerability {unknown}
 U - a scroll of torment {unknown}
 V - a scroll of silence {unknown}
Potions
 d - 3 potions of might
 q - 2 potions of mutation
 t - a potion of flight {unknown}
 w - a potion of brilliance {unknown}
 z - 3 potions of curing
 A - 2 potions of berserk rage
 B - 3 potions of haste
 C - a potion of resistance {unknown}
 E - a potion of ambrosia {unknown}
 F - 2 potions of lignification
 H - 3 potions of attraction
 X - a potion of heal wounds
 Y - a potion of magic
Miscellaneous
 x - a phantom mirror


   Skills:
 + Level 10.8 Fighting
 * Level 13.0 Axes
 + Level 9.9 Armour
 + Level 9.0 Dodging
 + Level 10.0 Shields
 + Level 4.7 Invocations


You had 10 spell levels left.
You didn't know any spells.
Your spell library contained the following spells:

 Spells                   Type           Power      Damage    Failure   Level
 Apportation              Tloc           0%         N/A       63%         1
 Foxfire                  Conj/Fire      0%         2x1d4     63%         1
 Freeze                   Ice            0%         1d3       63%         1
 Necrotise                Necr           0%         1d4       63%         1
 Frozen Ramparts          Ice            0%         1d1       94%         3
 Hailstorm                Conj/Ice       0%         3d3       94%         3
 Passage of Golubria      Tloc           0%         N/A       100%        4
 Fireball                 Conj/Fire      0%         3d3       100%        5
 Yara's Violent Unravell  Hex/Tmut       0%         3d3       100%        5
 Starburst                Conj/Fire      0%         6d3       100%        6
 Summon Small Mammal      Summ           Unusable   N/A       N/A         1
 Tukima's Dance           Hex            Unusable   N/A       N/A         3
 Animate Dead             Necr           Unusable   N/A       N/A         4
 Haunt                    Necr/Summ      Unusable   N/A       N/A         7
 Infestation              Necr           Unusable   N/A       N/A         8

Dungeon Overview and Level Annotations

Branches:
Dungeon (12/15)            Temple (1/1) D:6            Lair (0/5) D:10
    Orc (0/2) D:9          Bailey (visited)

Altars:
Ashenzari
Cheibriados
Dithmenos
Elyvilon
Fedhas
Gozag
Hepliaklqana
Kikubaaqudgha
Makhleb
Nemelex Xobeh
Okawaru
Qazlal
Ru
Sif Muna
Trog
Uskayaw
Vehumet
Wu Jian
Xom
Yredelemnul
Zin
The Shining One

Shops:
D:8 (

Annotations:
D:9 3 runed translucent doors, FexLirch's ghost, novice SpHW


Innate Abilities, Weirdness & Mutations

You have a pair of horns on your head.
You reflexively headbutt those who attack you in melee.


Message History

The manticore bites you!
* * * LOW HITPOINT WARNING * * *
The manticore claws you but does no damage. x2
The gnoll sergeant completely misses you.
Unknown command.
Unknown command.
You feel better. You block the cyan ugly thing's attack.
The manticore bites you but does no damage.
The manticore misses you. The manticore closely misses you.
The gnoll sergeant hits you from afar with a +1 trident of venom.
* * * LOW HITPOINT WARNING * * *
You are poisoned.
Okay, then.
Blink to where?
Press: ? - help, Dir - move target, p - manticore
As you read the scroll of blinking, it crumbles to dust.
You feel very sick.
The barbs in your skin will harm you if you move.
Continue?
The barbed spikes dig painfully into your body as you move.
* * * LOW HITPOINT WARNING * * *
You feel sick.
It was a potion of magic.
Magic courses through your body.
You feel sick.
It was a potion of degeneration.
There was something very wrong with that liquid.
You feel weakened.
You feel dopey.
You feel clumsy.
You feel sick.
It was a potion of attraction.
You feel attractive to monsters.
You carefully extract the barbed spikes from your body.
You feel sick.
You feel sick.
You feel sick.
The cyan ugly thing is attracted toward you.
You slash the cyan ugly thing!
The cyan ugly thing looks as sick as possible!
The cyan ugly thing is almost dead.
You feel sick. The cyan ugly thing headbutts you!
* * * LOW HITPOINT WARNING * * *
The cyan ugly thing shocks you. You resist.
You die... ##.#.....#.#####.# #. .................# ##.. #.<.....#.####..# .#... #.#....##.# ##.# ....# #.##..###.# #.# yY....

#.##.####.# #.#
###gC..#
#.........# #.#
###H†9...#
####.###### #.#
###.uu†Hy# #.#
#@###.....##.# #.#
#######u#.....#.#
#.#
........#...#......
#.#
######..§##...#.##.
..# #....###...# #
..
#..........###...
#.###.#.##...###.
#.#.# ##... #+
..#.# #.


You could see a cyan ugly thing (extremely poisoned).

Vanquished Creatures
  Erica (D:8)
  3 two-headed ogres (D:10)
  Urug (D:10)
  An orc knight (Bailey)
  A cyclops (D:11)
  An ugly thing (D:12)
  Maurice (D:8)
  2 gargoyles
  An unseen horror (D:10)
  2 komodo dragons
  2 kobold demonologists (D:10)
  A troll (D:10)
  Grinder (D:6)
  A hornet (D:10)
  Sigmund (D:6)
  7 yaks
  A wraith (D:10)
  Eustachio (D:6)
  A basilisk (D:11)
  A wyvern (D:11)
  A vampire mosquito (D:12)
  3 acid dragons
  2 water moccasins
  14 orc warriors
  A sky beast (D:7)
  A black bear (D:6)
  4 centaurs
  3 kobold brigands
  A bullfrog (D:7)
  2 gnoll sergeants (D:10)
  2 scorpions (D:6)
  2 wights
  23 killer bees
  6 howler monkeys
  A hound (D:6)
  Crazy Yiuf (D:2)
  2 gnoll boudas
  8 orc priests
  2 sleepcaps
  11 orc wizards
  3 iguanas
  9 gnolls
  6 adders
  A white imp (D:6)
  An ufetubus (D:5)
  3 dart slugs
  58 orcs
  5 endoplasms
  2 giant cockroaches
  6 goblins
  9 hobgoblins
  2 quokkas (D:1)
  6 ball pythons
  5 bats
  2 frilled lizards (D:1)
  18 kobolds
  6 rats
263 creatures vanquished.

Vanquished Creatures (others)
  6 fungi (D:1)
  3 plants (D:1)
9 creatures vanquished.

Grand Total: 272 creatures vanquished

Notes
Turn   | Place    | Note
-------+----------+-------------------------------------------
     0 | D:1      | arthad the Minotaur Fighter began the quest for the Orb.
     0 | D:1      | Reached XP level 1. HP: 19/19 MP: 0/0
   192 | D:1      | Reached XP level 2. HP: 27/27 MP: 1/1
   215 | D:1      | Found a faded altar of an unknown god.
   344 | D:1      | Reached skill level 3 in Axes
   827 | D:2      | Reached XP level 3. HP: 26/33 MP: 2/2
  1072 | D:2      | Found a runed translucent door.
  1073 | D:2      | Noticed Crazy Yiuf
  1100 | D:2      | Reached skill level 1 in Dodging
  1628 | D:2      | Killed Crazy Yiuf
  1629 | D:2      | Reached XP level 4. HP: 40/40 MP: 3/3
  1758 | D:3      | You are sucked into a shaft and drop 1 floor!
  2060 | D:3      | Reached skill level 4 in Axes
  2197 | D:3      | Found a glowing silver altar of Zin.
  2638 | D:4      | Reached XP level 5. HP: 15/47 MP: 4/4
  3519 | D:5      | Entered Level 5 of the Dungeon
  3722 | D:5      | Reached XP level 6. HP: 53/53 MP: 5/5
  3768 | D:5      | Found a broken altar of Ashenzari.
  3771 | D:5      | Reached skill level 5 in Axes
  3948 | D:5      | Reached skill level 5 in Shields
  3950 | D:5      | Reached skill level 5 in Armour
  4015 | D:5      | Reached skill level 5 in Fighting
  4328 | D:6      | Noticed Grinder
  4328 | D:6      | Paralysed by Grinder for 2 turns
  4337 | D:6      | Killed Grinder
  4338 | D:6      | Reached skill level 6 in Axes
  4338 | D:6      | Reached XP level 7. HP: 55/61 MP: 6/6
  4351 | D:6      | Noticed Eustachio
  4356 | D:6      | Killed Eustachio
  4399 | D:6      | Reached XP level 8. HP: 49/70 MP: 7/7
  4400 | D:6      | Reached skill level 7 in Axes
  4698 | D:6      | Found a staircase to the Ecumenical Temple.
  4703 | Temple   | Entered the Ecumenical Temple
  5129 | Temple   | Became a worshipper of Warmaster Okawaru
  5303 | D:6      | Identified the ring "Qaottue" {rElec rN+ Dex+3}
  5483 | D:6      | Noticed Sigmund
  5490 | D:6      | Killed Sigmund
  5491 | D:6      | Reached skill level 8 in Axes
  5767 | D:7      | Identified a scroll of acquirement
  5767 | D:7      | Acquired the +3 pair of gauntlets of War {Slay+5}
  5767 | D:7      | Found the +3 pair of gauntlets of War {Slay+5}
  5854 | D:7      | Found a flagged portal.
  5860 | Bailey   | Entered a bailey
  5885 | Bailey   | Reached * piety under Okawaru
  5890 | Bailey   | Reached XP level 9. HP: 43/78 MP: 8/8
  6107 | Bailey   | Reached skill level 5 in Dodging
  6258 | Bailey   | Reached skill level 9 in Axes
  6378 | Bailey   | Reached ** piety under Okawaru
  6456 | Bailey   | Identified the +4 short sword of Broken Luck {heavy, Dex+2}
  6458 | Bailey   | Noticed an orc knight
  6466 | Bailey   | Killed an orc knight
  6575 | D:7      | Reached skill level 10 in Axes
  6791 | D:7      | Reached *** piety under Okawaru
  6792 | D:7      | Reached XP level 10. HP: 77/88 MP: 9/9
  6795 | D:7      | Received a gift from Okawaru
  7062 | D:7      | Reached skill level 1 in Invocations
  7556 | D:8      | Noticed Maurice
  7570 | D:8      | Noticed Erica
  7572 | D:8      | Killed Maurice
  7580 | D:8      | Killed Erica
  7582 | D:8      | Reached skill level 11 in Axes
  7783 | D:8      | Found Sekat's Weapon Shoppe.
  8319 | D:9      | Reached **** piety under Okawaru
  8601 | D:9      | Found a staircase to the Orcish Mines.
  8633 | D:9      | Acquired a manual of Fighting
  8761 | D:9      | Found a runed translucent gate.
  8764 | D:9      | Found a runed translucent gate.
  8764 | D:9      | Identified the +1 plate armour of Slovenliness {Harm Str-3
                  | SInv}
  8765 | D:9      | Found a runed translucent gate.
  8767 | D:9      | Noticed FexLirch's ghost (novice SpHW)
  9191 | D:10     | Entered Level 10 of the Dungeon
  9224 | D:10     | Paralysed by a hornet for 1 turns
  9295 | D:10     | Found a staircase to the Lair.
  9315 | D:10     | Noticed Urug
  9324 | D:10     | Killed Urug
  9324 | D:10     | Reached ***** piety under Okawaru
  9325 | D:10     | Reached XP level 11. HP: 51/97 MP: 12/12
  9490 | D:10     | Noticed a two-headed ogre
  9510 | D:9      | Acquired a manual of Dodging
  9512 | D:9      | Acquired a +1 cloak of stealth
  9859 | D:10     | Killed a two-headed ogre
  9860 | D:10     | Reached skill level 12 in Axes
  9897 | D:10     | Identified the +0 hat of Kaohuacw {+Blink rPois rF+++
                  | Slay-5} (Okawaru gifted it to you on level 10 of the
                  | Dungeon)
  9897 | D:10     | Received a gift from Okawaru
  9963 | D:10     | Noticed a two-headed ogre
  9964 | D:10     | Identified the +11 broad axe of Dissolution {venom, Drain
                  | rC++ rN+++}
  9966 | D:10     | Noticed a two-headed ogre
  9974 | D:10     | Killed a two-headed ogre
  9976 | D:10     | Killed a two-headed ogre
  9977 | D:10     | Reached skill level 10 in Fighting
 10363 | D:11     | Identified the ring of Buphuph {Int+3 Dex+6}
 10758 | D:12     | Noticed a cyan ugly thing
 10760 | D:12     | Noticed a cyan ugly thing
 10765 | D:12     | Noticed a cyan ugly thing
 10765 | D:12     | Noticed a boulder beetle
 10768 | D:12     | Killed a cyan ugly thing
 10769 | D:12     | Reached skill level 13 in Axes
 10769 | D:12     | Reached skill level 10 in Shields
 10779 | D:12     | HP: 4/101 [cyan ugly thing (7)]
 10779 | D:12     | Slain by a cyan ugly thing

Illustrated notes

Levels and vault maps discovered:
D:1:      dpeg_arrival_arbitrary_a, layout_basic,
          shapermc_ecumenical_altar_mp_urbaneastern, patterned_corridor
D:2:      layout_loops_ring, nicolae_half_adder, uniq_crazy_yiuf_cottage
D:3:      layout_basic, lemuel_tele_altar, hangedman_decor_clover_reticule
D:4:      layout_basic
D:5:      layout_loops_ring, mainiacjoe_overflow_alcove_4, grunt_decor_arrowhead
D:6:      layout_loops_ring, temple_doors_ab, uniq_eustachio, uniq_grinder,
          uniq_sigmund
D:7:      layout_basic, enter_bailey_2
D:8:      layout_rooms, serial_shops, nicolae_shop_bloodbath_and_beyond,
          minmay_strange_pillars, minmay_fountain_box, uniq_maurice, uniq_erica
D:9:      layout_roguey, orc_0_dummy, biasface_ghost_orc_armoury,
          grunt_ministairs_7, hangedman_decor_diamond_cutter
D:10:     layout_basic, lair_entry_dummy, minmay_misc_feat_ornament,
          kennysheep_kite_vault, uniq_urug
D:11:     layout_cave_pools
D:12:     minmay_the_grid_triangle_9x9_rhombus_full_mashed
          [minmay_the_grid_triangle_9x9_descending_squares,
          minmay_the_grid_triangle_9x9_thin_v,
          minmay_the_grid_triangle_9x9_empty,
          minmay_the_grid_triangle_9x9_steps,
          minmay_the_grid_triangle_9x9_tough_junction,
          minmay_the_grid_triangle_9x9_sprig,
          minmay_the_grid_triangle_9x9_windchime,
          minmay_the_grid_triangle_9x9_prize_center], layout_loops_corners
Temple:   mainiacjoe_temple_big_plus

Skill      XL: |  1  2  3  4  5  6  7  8  9 10 11 |
---------------+----------------------------------+-----
Axes           | 3 4 6 8 10 11 13 | 13.0
Shields        | 4 5 6 8 9 10 | 10.0
Armour         | 4 5 6 8 9 |  9.9
Dodging        | 1 2 3 4 6 7 9 |  9.0
Fighting       | 4 5 6 7 9 10 | 10.8
Invocations    | 3 4 |  4.7

Action                     |  1- 3 |  4- 6 |  7- 9 | 10-12 || total
---------------------------+-------+-------+-------+-------++-------
  Melee: Demon blade       |    53 |       |       |       ||    53
         Headbutt          |     9 |    10 |    22 |    42 ||    83
         War axe           |    12 |    93 |   128 |   129 ||   362
         Broad axe         |       |       |       |    36 ||    36
  Throw: Dart              |       |       |       |     5 ||     5
  Evoke: Wand              |       |     2 |     3 |       ||     5
    Use: Potion            |       |     1 |     3 |     4 ||     8
         Scroll            |       |       |    15 |     5 ||    20
   Stab: Sleeping          |       |       |       |     1 ||     1
 Armour: Scale mail        |    34 |    48 |    74 |    51 ||   207
         Acid dragon scale |       |       |       |    28 ||    28
  Dodge: Dodged            |    33 |    60 |   115 |   135 ||   343
  Block: Buckler           |    17 |    22 |    56 |    69 ||   164

Table legend: (Time is in decaauts)
 A = Elapsed time spent in this place.
 B = Non-inter-level travel time spent in this place.
 C = Inter-level travel time spent in this place.
 D = Time resting spent in this place.
 E = Time spent auto-exploring this place.
 F = Levels seen in this place.
 G = Mean time per level.
                   A        B        C        D        E       F      G
               +--------+--------+--------+--------+--------+-----+--------+
         Total |  11044 |  10500 |    544 |    150 |   8622 |  14 |  788.9 |
       Dungeon |   9848 |   9376 |    472 |    150 |   7703 |  12 |  820.7 |
        Temple |    464 |    392 |     72 |      0 |    381 |   1 |  464.0 |
        Bailey |    730 |    730 |      0 |      0 |    538 |   1 |  730.0 |
               +--------+--------+--------+--------+--------+-----+--------+

Top non-repeatable levels by time:
     D:9: 1285 daAuts
     D:4: 1137 daAuts
     D:7: 1089 daAuts
     D:6: 1013 daAuts
     D:2: 888 daAuts
    D:10: 883 daAuts
     D:1: 828 daAuts
     D:5: 825 daAuts
     D:3: 755 daAuts
  Bailey: 730 daAuts
     D:8: 662 daAuts
  Temple: 464 daAuts
    D:11: 419 daAuts
    D:12: 58 daAuts
